 Dungeon Crawl Stone Soup version 0.17-a0-186-g8d083fd (webtiles) character file.

242 squibie the Magician (level 5, -10/28 HPs)
             Began as a Deep Elf Wizard on Mar 27, 2015.
             Killed by nerve-wracking pain
             ... invoked by Grinder
              (13 damage)
             ... while paralysed by Grinder
             ... on level 3 of the Dungeon.
             The game lasted 00:07:44 (2224 turns).

squibie the Magician (Deep Elf Wizard)              Turns: 2224, Time: 00:07:44

Health: -10/28     AC:  2    Str:  4    XL:     5   Next: 81%
Magic:  3/22       EV:  2    Int: 24    God:
Gold:   89         SH:  0    Dex: 15    Spells: 4 memorised, 11 levels left

rFire  . . .     SeeInvis .     i - +0 short sword
rCold  . . .     Clarity  .     a - +0 robe
rNeg   . . .     SustAb   .     (no shield)
rPois  .         Gourm    .     b - +0 hat
rElec  .         Spirit   .     (no cloak)
rCorr  .         Warding  .     (no gloves)
rMut   .         Stasis   .     (no boots)
MR     .....                    (no amulet)
Stlth  ++........               (no ring)
                                j - +2 ring of dexterity

@: paralysed, not resistant to hostile enchantments, unstealthy
A: no striking features
a: no special abilities


You were on level 3 of the Dungeon.
You were not hungry.

You visited 1 branch of the dungeon, and saw 3 of its levels.

You collected 89 gold pieces.

Inventory:

Hand weapons
 i - a +0 short sword (weapon)
 m - a +0 vampiric scythe
Armour
 a - a +0 robe (worn)
 b - a +0 hat (worn)
Jewellery
 j - a +2 ring of dexterity (left hand)
Magical devices
 l - a wand of magic darts (0)
Scrolls
 h - 3 scrolls of teleportation {unknown}
 n - 2 scrolls of remove curse {unknown}
 o - a scroll of identify {unknown}
 q - a scroll of enchant armour {unknown}
 r - a scroll of recharging {unknown}
 s - a scroll of fear {unknown}
 t - a scroll of noise {unknown}
Potions
 e - a potion of curing {unknown}
 g - a potion of resistance {unknown}
 k - a potion of haste {unknown}
 p - a potion of agility {unknown}
Books
 c - a book of Minor Magic

   Spells                             Type                      Level
   a - Magic Dart                     Conjuration                  1
   b - Blink                          Translocation                2
   c - Call Imp                       Summoning                    2
   d - Repel Missiles                 Charms/Air                   2
   e - Slow                           Hexes                        2
   f - Conjure Flame                  Conjuration/Fire             3
   g - Mephitic Cloud                 Conjuration/Poison/Air       3
Comestibles
 d - 3 bread rations
 f - 3 beef jerkies


   Skills:
 - Level 2.4 Dodging
 - Level 2.4 Stealth
 + Level 7.8 Spellcasting
 - Level 3.5 Conjurations
 - Level 1.1 Summonings
 - Level 1.1 Translocations


You had 11 spell levels left.
You knew the following spells:

 Your Spells              Type           Power        Failure   Level  Hunger
a - Magic Dart            Conj           ####         1%          1    None
b - Blink                 Tloc           N/A          8%          2    None
c - Call Imp              Summ           ##......     8%          2    None
d - Mephitic Cloud        Conj/Pois/Air  ###.....     14%         3    None


Dungeon Overview and Level Annotations

Branches:
Dungeon (3/15)

Altars:
Cheibriados

Annotations:
D:3 Grinder


Message History

You hit the orc.
The orc is almost dead.
The orc closely misses you.
Your crimson imp hits Grinder.
You hit the orc.
You kill the orc!
Grinder drinks a potion.
Grinder is healed!
Your crimson imp hits Grinder.
Grinder gestures at you.
You suddenly lose the ability to move!
Your crimson imp hits Grinder.
Grinder gestures at you. Pain shoots through your body!
* * * LOW HITPOINT WARNING * * *
Your crimson imp hits Grinder.
Your crimson imp hits the orc.
Grinder hits you.
* * * LOW HITPOINT WARNING * * *
You writhe in agony. x2
Your crimson imp hits the orc.
Grinder gestures at you. Pain shoots through your body!
You die...

#.......###.......#
#...............###
#..###.......####
..............#
##..###..##..##########
...................<..
##...#.......##########
##...#.......5o5....#
.....#...##..###@####
.....#..# #....).#####
.....#..###............
.................#####
##......##..<.##.....#
........##....##.###.#
##...#..##).........
##............##.##
##......####.......


You could see Grinder, an orc and a friendly crimson imp.

Vanquished Creatures
  Sigmund (D:2)
  Ijyb (D:3)
  3 adders (D:3)
  2 giant mites
  3 worms (D:2)
  2 oozes
  4 orcs (D:3)
  A ball python (D:2)
  7 bats
  7 goblins
  9 hobgoblins
  3 jackals (D:1)
  A quokka (D:2)
  A giant cockroach (D:2)
  2 giant geckos (D:1)
  2 giant newts
  5 kobolds
  4 rats
58 creatures vanquished.

Vanquished Creatures (collateral kills)
  An iguana (D:3)
  An adder (D:2)
  A hobgoblin (D:2)
  A rat (D:2)
4 creatures vanquished.

Vanquished Creatures (others)
  2 white imps (D:3)
2 creatures vanquished.

Grand Total: 64 creatures vanquished

Notes
Turn   | Place    | Note
--------------------------------------------------------------
     0 | D:1      | squibie, the Deep Elf Wizard, began the quest for the Orb.
     0 | D:1      | Reached XP level 1. HP: 10/10 MP: 6/6
   198 | D:1      | Reached XP level 2. HP: 15/15 MP: 1/9
   627 | D:1      | Reached XP level 3. HP: 19/19 MP: 0/12
   985 | D:2      | Learned a level 2 spell: Blink
   988 | D:2      | Learned a level 2 spell: Call Imp
   992 | D:2      | Learned a level 3 spell: Mephitic Cloud
  1122 | D:2      | Noticed Sigmund
  1139 | D:2      | Reached skill level 5 in Spellcasting
  1152 | D:2      | Killed Sigmund
  1152 | D:2      | Reached skill level 6 in Spellcasting
  1152 | D:2      | Reached XP level 4. HP: 16/24 MP: 2/18
  1338 | D:2      | Reached XP level 5. HP: 26/28 MP: 10/21
  1397 | D:2      | Found a snail-covered altar of Cheibriados.
  1860 | D:3      | Noticed Ijyb
  1920 | D:3      | Killed Ijyb
  1920 | D:3      | Reached skill level 7 in Spellcasting
  2086 | D:3      | Noticed Grinder
  2087 | D:3      | Paralysed by Grinder for 3 turns
  2220 | D:3      | Paralysed by Grinder for 5 turns
  2224 | D:3      | Killed from afar by Grinder

Action                   |  1- 3 |  4- 6 || total
-------------------------+-------+-------++-------
Melee: Unarmed           |     4 |       ||     4
       Short sword       |       |     3 ||     3
 Cast: Magic Dart        |    86 |   107 ||   193
       Call Imp          |     1 |     4 ||     5
       Mephitic Cloud    |     1 |     1 ||     2
       Blink             |       |     2 ||     2
  Eat: Chunk             |       |     2 ||     2
       Pizza             |       |     1 ||     1
